 Dungeon Crawl Stone Soup version 0.30-a0-218-gedb9141078 (webtiles) character file.

Game seed: 513215190466062149

4 LnG the Caller (level 1, -5/10 HPs)
             Began as a Kobold Summoner on Oct 5, 2022.
             Slain by a gnoll
             ... wielding a +0 club
              (6 damage)
             ... on level 1 of the Dungeon.
             The game lasted 00:00:25 (144 turns).

LnG the Caller (Kobold Summoner)                     Turns: 144, Time: 00:00:26

Health: -5/10      AC:  2    Str:  5    XL:     1   Next: 66%
Magic:  3/3        EV: 15    Int: 16    God:
Gold:   22         SH:  0    Dex: 15    Spells: 3/4 levels left

rFire   . . .      SeeInvis .    (weapon restricted)
rCold   . . .      Faith    .    (no shield)
rNeg    . . .      Spirit   .    a - +0 robe
rPois   .          Reflect  .    (no helmet)
rElec   .          Harm     .    (no cloak)
rCorr   .          Rampage  .    (no gloves)
Will    .....                    (no boots)
Stlth   +++.......               (no amulet)
HPRegen 0.21/turn                (no ring)
MPRegen 0.08/turn                (no ring)

@: no status effects
A: small, no large weapons, nightstalker 3
a: no special abilities


You were on level 1 of the Dungeon.
You visited 1 branch of the dungeon, and saw 1 of its levels.

You collected 22 gold pieces.

Inventory:

Armour
 a - a +0 robe (worn)
Jewellery
 c - a ring of flight
Potions
 b - a potion of magic
 d - 2 potions of curing {unknown}


   Skills:
 + Level 2.4 Dodging
 * Level 2.8 Stealth
 + Level 2.2 Spellcasting
 + Level 4.1 Summonings


You had 3 spell levels left.
You knew the following spells:

 Your Spells              Type           Power      Damage    Failure   Level
a - Summon Small Mammal   Summ           60%        N/A       3%          1

Your spell library contained the following spells:

 Spells                   Type           Power      Damage    Failure   Level
 Call Imp                 Summ           15%        N/A       5%          2
 Call Canine Familiar     Summ           15%        N/A       11%         3
 Summon Guardian Golem    Hex/Summ       8%         N/A       26%         3
 Summon Lightning Spire   Summ/Air       8%         N/A       65%         4


Dungeon Overview and Level Annotations

Branches:
Dungeon (1/15)

Altars:


Innate Abilities, Weirdness & Mutations

You are small and have problems with some larger weapons.
You are completely attuned to the shadows.


Message History

You hit the bat.
The bat is severely wounded.
The bat closely misses you.
Your quokka bites the bat.
The bat dies!
No target in view!
No target in view!
You swap places.
Found an escape hatch in the floor.
Your quokka disappears in a puff of smoke!
You see here a bat corpse.
d - an amethyst potion You now have 22 gold pieces (gained 16).
d - 2 amethyst potions (gained 1)
Your bat disappears in a puff of smoke!
A jackal comes into view.
Casting: Summon Small Mammal (safe; 3% risk of failure)
Confirm with . or Enter, or press ? or * to list all spells.
Casting: Summon Small Mammal (safe; 3% risk of failure)
Confirm with . or Enter, or press ? or * to list all spells.
Your rat bites the jackal.
The jackal bites your rat but does no damage.
Your rat bites the jackal.
The jackal dies!
Your rat disappears in a puff of smoke!
Found a pair of boots.
A jackal and a gnoll come into view.
You see here a +0 pair of boots.
The helpless gnoll fails to defend itself.
You hit the gnoll but do no damage.
Your quokka barely misses the gnoll.
The gnoll closely misses you.
You closely miss the gnoll.
Your quokka closely misses the gnoll.
The gnoll barely misses you.
You hit the gnoll but do no damage.
Your quokka bites the gnoll.
Your quokka closely misses the gnoll.
The gnoll hits you with a +0 club!
Ouch! That really hurt!
* * * LOW HITPOINT WARNING * * *
You closely miss the gnoll.
The gnoll is moderately wounded.
Your quokka misses the gnoll. The gnoll hits you with a +0 club.
Ouch! That really hurt!
You die...

.....#.#......
...............
..................
#.................h
.#........#......
................
#..............
.......##r###
.......#g@#
####..##### ..#


You could see a gnoll (ally target) and a friendly quokka (summoned).

Vanquished Creatures (collateral kills)
  A bat (D:1)
  An endoplasm (D:1)
  A jackal (D:1)
3 creatures vanquished.

Notes
Turn   | Place    | Note
-------+----------+-------------------------------------------
     0 | D:1      | LnG the Kobold Summoner began the quest for the Orb.
     0 | D:1      | Reached XP level 1. HP: 10/10 MP: 3/3
   144 | D:1      | Slain by a gnoll

Illustrated notes

Levels and vault maps discovered:
D:1:      dpeg_arrival_stone_temple_mockup, layout_rooms,
          shapermc_ecumenical_altar_mp_urbaneastern

Action                   || total
-------------------------++-------
Melee: Unarmed           ||     9
 Cast: Summon Small Mamm ||     6
 Stab: Distracted        ||     1
       Sleeping          ||     1
Dodge: Dodged            ||     6

Table legend: (Time is in decaauts)
 A = Elapsed time spent in this place.
 B = Non-inter-level travel time spent in this place.
 C = Inter-level travel time spent in this place.
 D = Time resting spent in this place.
 E = Time spent auto-exploring this place.
 F = Levels seen in this place.
 G = Mean time per level.
                   A        B        C        D        E       F      G
               +--------+--------+--------+--------+--------+-----+--------+
         Total |    144 |    144 |      0 |      0 |    108 |   1 |  144.0 |
       Dungeon |    144 |    144 |      0 |      0 |    108 |   1 |  144.0 |
               +--------+--------+--------+--------+--------+-----+--------+

Top non-repeatable levels by time:
     D:1: 144 daAuts
